 Dungeon Crawl Stone Soup version 0.31.0-4-g52a2dc7128 (webtiles) character file.

Game seed: 2626959741056203854

9471 case the Markself (level 11, -4/68 HPs)
             Began as a Deep Elf Hunter on Jan 22, 2024.
             Was a Follower of Ashenzari.
             Hit by a javelin thrown by Urug (19 damage)
             ... on level 12 of the Dungeon.
             The game lasted 00:34:36 (8524 turns).

case the Markself (Deep Elf Hunter)                 Turns: 8524, Time: 00:34:37

Health: -4/68      AC: 12    Str:  8    XL:     11   Next: 23%
Magic:  11/11      EV: 15    Int: 15    God:    Ashenzari [*.....]
Gold:   954        SH:  9    Dex: 22    Spells: 9/10 levels left

rFire   + . .        y - +0 arbalest
rCold   + . .        (shield currently unavailable)
rNeg    . . .        g - +2 robe {rC+ rF+}
rPois   +            w - +0 helmet
rElec   .            (no cloak)
rCorr   .            O - +1 pair of gloves of the Restrained Seer {Elem, Bglg} (curse)
SInv    .            e - +2 pair of boots of the Profound Yoke {Elem, Self} (curse)
Will    +....        H - amulet of reflection
Stlth   ++           l - ring of poison resistance
HPRegen 0.31/turn    h - +4 ring of slaying
MPRegen 0.12/turn

%: reflection, clarity
@: no status effects
A: iridescent scales 1, large bone plates 1, clarity, low MP 1, inability to
drink after injury 1
a: Renounce Religion, Curse Item, Shatter the Chains


You were on level 12 of the Dungeon.
You worshipped Ashenzari.
Ashenzari was aware of your devotion.
You visited 2 branches of the dungeon, and saw 13 of its levels.
You also visited: Sewer.

You collected 982 gold pieces.
You spent 28 gold pieces at shops.

Inventory:

Hand Weapons
 v - a +2 dagger of flaming
 y - a +0 arbalest (weapon)
Missiles
 Q - a throwing net
Armour
 c - a +0 leather armour
 e - the cursed +2 pair of boots of the Profound Yoke (worn) {Elem, Self}
   (You found it on level 1 of the Dungeon)

   It has a curse which improves the following skills: Elements: Fire Magic, Ice
   Magic, Air Magic and Earth Magic.
   Introspection: Fighting and Spellcasting.
 g - a +2 robe of resistance (worn)
 w - a +0 helmet (worn)
 O - the cursed +1 pair of gloves of the Restrained Seer (worn) {Elem, Bglg}
   (You found it on level 8 of the Dungeon)

   It has a curse which improves the following skills: Elements: Fire Magic, Ice
   Magic, Air Magic and Earth Magic.
   Beguiling: Hexes and Translocations.
Jewellery
 f - a ring of ice
 h - a +4 ring of slaying (right hand)
 l - a ring of poison resistance (left hand)
 n - a +6 ring of dexterity
 z - an amulet of guardian spirit
 B - a +4 ring of protection
 E - a ring of protection from cold
 H - an amulet of reflection (around neck)
Wands
 i - a wand of paralysis (13)
 s - a wand of flame (59)
 x - a wand of roots (7)
 L - a wand of polymorph (3)
Scrolls
 b - a scroll of butterflies
 d - a scroll of fear
 j - 2 scrolls of fog
 m - a scroll of teleportation
 q - 2 scrolls of noise
 u - a scroll of brand weapon
 A - 3 scrolls of vulnerability
 D - a scroll of identify
 I - 2 scrolls of poison
 K - 4 scrolls of revelation
Potions
 a - a potion of invisibility
 k - a potion of brilliance
 o - 5 potions of curing
 p - a potion of lignification
 r - 4 potions of might
 t - 2 potions of haste
 F - a potion of resistance
 J - a potion of berserk rage
 M - a potion of degeneration
 N - 2 potions of attraction
 P - 2 potions of ambrosia


   Skills:
 - Level 7.0(7.8) Fighting
 - Level 19.1 Ranged Weapons
 - Level 2.2 Armour
 * Level 5.1 Dodging
 - Level 1.2 Stealth
 * Level 2.3(3.0) Translocations


You had 9 spell levels left.
You knew the following spells:

 Your Spells              Type           Power      Damage    Failure   Level
a - Apportation           Tloc           18%        N/A       8%          1

Your spell library contained the following spells:

 Spells                   Type           Power      Damage    Failure   Level
 Magic Dart               Conj           0%         1d3       26%         1
 Necrotise                Necr           0%         1d4       26%         1
 Sting                    Conj/Alch      0%         1d3       26%         1
 Summon Small Mammal      Summ           0%         N/A       26%         1
 Scorch                   Fire           0%         2d5       36%         2
 Searing Ray              Conj           0%         2d4       38%         2
 Volatile Blastmotes      Fire/Tloc      8%         2d10      38%         3
 Vampiric Draining        Necr           0%         2d6       63%         3
 Flame Wave               Conj/Fire      0%         2d4       95%         4
 Fulminant Prism          Conj/Alch      0%         3d5       95%         4
 Martyr's Knell           Necr/Summ      0%         N/A       95%         4
 Sticky Flame             Fire/Alch      0%         2d4       95%         4
 Curse of Agony           Necr           0%         N/A       100%        5
 Starburst                Conj/Fire      0%         6d3       100%        6
 Summon Cactus Giant      Summ           0%         N/A       100%        6


Dungeon Overview and Level Annotations

Branches:
Dungeon (12/15)            Temple (0/1) D:5            Lair (1/5) D:10
    Orc (0/2) D:10          Sewer (visited)

Altars:
Ashenzari
Fedhas
Makhleb
Nemelex Xobeh
Qazlal
Sif Muna
Trog
Uskayaw
Wu Jian
Yredelemnul
Zin

Shops:
D:5 [   D:8 *   D:10 ?*!

Annotations:
D:6 3 runed translucent doors, 1 exclusion, Laqueoixx's ghost, novice OpSh
D:11 1 runed translucent door, Eugor's ghost, journeyman DECj
D:12 Fannar; Urug


Innate Abilities, Weirdness & Mutations

You are partially covered in iridescent scales. (AC +2)
You are partially covered in large bone plates. (SH +4)
You possess an exceptional clarity of mind.
Your magical capacity is low. (-10% MP)
You occasionally lose the ability to drink potions when taking damage.


Message History

The boulder beetle stops rolling and uncurls.
The boulder beetle bites you!
* * * LOW HITPOINT WARNING * * *
Fannar casts a spell.
Fannar blinks!
The boulder beetle curls into a ball and begins rolling!
There is a stone staircase leading up here.
You climb upwards.
Level annotation: 1 runed translucent door, Eugor's ghost, journeyman DECj
There is a stone staircase leading down here.
There is a stone staircase leading down here.
You start resting.
HP restored.
You climb downwards.
Level annotation: Fannar
Found a potion of attraction and a wand of roots (7).
There is a stone staircase leading up here.
N - 2 potions of attraction (gained 1) Ashenzari invites you to partake of a vision and a curse of melee combat and sorcery.
x - a wand of roots (7)
There are no items here.
Okay, then.
You open the door.
Urug the Orcish Ballista comes into view.
She is wielding a +1 eveningstar.
Urug throws a javelin.
The javelin pierces through you!
Fire: y) +0 arbalest
Press: ? - help, Q - select action, (/) - cycle Shift-Dir - straight line, f - Urug
Aim: Urug, wielding a +1 eveningstar, wearing a +0 chain mail and quivering javelins (71% to hit)
You shoot a bolt. The bolt hits Urug!
Urug is lightly wounded.
Urug hits you with a +1 eveningstar!!
Urug mutters, "Sometimes I wonder if they all really are harpies."
You block Urug's attack.
Urug throws a javelin.
The javelin pierces through you!
Urug throws a javelin.
The javelin misses you.
Urug throws a javelin.
The javelin pierces through you!
* * * LOW HITPOINT WARNING * * *
Urug throws a javelin.
The javelin pierces through you!!
You die...
Urug screams, "Revenge at last!"

#######..# .......o.#
#........# #........#
#........# #.......o#####
#............# ...
#............#############....
#.............@...............
..............................
#...........................##
#..............<............#
...#####.########..........#
#...# #.# ########...# #...#
#.# ...# #...# #.# ...# #...#
#.# .#


You could see Urug.

Vanquished Creatures
  A two-headed ogre (D:10)
  A tengu warrior (D:10)
  An unseen horror (D:11)
  2 komodo dragons
  2 trolls (D:10)
  4 blink frogs
  Sigmund (D:4)
  A wyvern (D:10)
  11 yaks
  A shadow (D:10)
  A basilisk (D:10)
  3 steam dragons
  Grum (D:9)
  2 water moccasins
  4 orc warriors
  2 sky beasts
  An ice beast (D:5)
  3 centaurs
  2 wolves (D:9)
  An ogre (D:4)
  A phantom (D:4)
  5 kobold brigands
  5 bullfrogs
  A scorpion (D:4)
  4 wights (D:9)
  6 killer bees (D:9)
  3 electric eels
  2 bombardier beetles (D:5)
  10 hounds
  4 orc priests
  A jelly (D:6)
  A sleepcap (D:5)
  Ijyb (D:3)
  Terence (D:3)
  Natasha (twice) (D:3)
  4 orc wizards
  4 gnolls
  12 adders
  A river rat (Sewer)
  A shadow imp (D:6)
  2 white imps
  2 ufetubi (D:7)
  3 dart slugs
  A ribbon worm (Sewer)
  22 orcs
  7 ball pythons
  8 endoplasms
  4 giant cockroaches
  3 hobgoblins
  3 jackals (D:2)
  7 bats
  4 frilled lizards
  11 goblins
  27 kobolds
  10 rats
228 creatures vanquished.

Notes
Turn   | Place    | Note
-------+----------+-------------------------------------------
     0 | D:1      | case the Deep Elf Hunter began the quest for the Orb.
     0 | D:1      | Reached XP level 1. HP: 12/12 MP: 3/3
   145 | D:1      | Reached XP level 2. HP: 16/16 MP: 4/4
   154 | D:1      | Reached skill level 6 in Ranged Weapons
   633 | D:1      | Reached XP level 3. HP: 14/20 MP: 5/5
   781 | D:2      | Reached skill level 7 in Ranged Weapons
   940 | D:2      | Reached XP level 4. HP: 25/25 MP: 6/6
   943 | D:2      | Found a faded altar of an unknown god.
  1234 | D:3      | Reached skill level 8 in Ranged Weapons
  1275 | D:3      | Noticed Terence
  1323 | D:3      | Gained mutation: You occasionally lose the ability to drink
                  | potions when taking damage. [potion of mutation]
  1323 | D:3      | Gained mutation: You are partially covered in iridescent
                  | scales. (AC +2) [potion of mutation]
  1323 | D:3      | Gained mutation: Your body sometimes deteriorates upon
                  | taking damage. [potion of mutation]
  1323 | D:3      | Gained mutation: You are partially covered in large bone
                  | plates. (SH +4) [potion of mutation]
  1325 | D:3      | Killed Terence
  1326 | D:3      | Lost mutation: You are partially covered in iridescent
                  | scales. (AC +2) [potion of mutation]
  1326 | D:3      | Lost mutation: Your body sometimes deteriorates upon taking
                  | damage. [potion of mutation]
  1326 | D:3      | Gained mutation: You are partially covered in iridescent
                  | scales. (AC +2) [potion of mutation]
  1326 | D:3      | Gained mutation: Your magical capacity is low. (-10% MP)
                  | [potion of mutation]
  1326 | D:3      | Gained mutation: You possess an exceptional clarity of
                  | mind. [potion of mutation]
  1358 | D:3      | Noticed Natasha
  1362 | D:3      | Killed Natasha
  1363 | D:3      | Reached XP level 5. HP: 20/29 MP: 6/6
  1440 | D:3      | Noticed Ijyb
  1449 | D:3      | Paralysed by Ijyb for 2 turns
  1454 | D:3      | Paralysed by Ijyb for 2 turns
  1458 | D:3      | Killed Ijyb
  1567 | D:3      | Noticed Natasha
  1574 | D:3      | Killed Natasha
  1575 | D:3      | Reached skill level 9 in Ranged Weapons
  1822 | D:4      | Found a glowing drain.
  1919 | Sewer    | Entered a sewer
  2004 | Sewer    | Reached XP level 6. HP: 35/35 MP: 7/7
  2089 | Sewer    | Reached skill level 10 in Ranged Weapons
  2295 | Sewer    | Reached XP level 7. HP: 39/39 MP: 8/8
  2489 | D:4      | Found a shimmering blue altar of Sif Muna.
  2521 | D:4      | Noticed Sigmund
  2528 | D:4      | Killed Sigmund
  2529 | D:4      | Reached skill level 11 in Ranged Weapons
  2628 | D:4      | Reached skill level 12 in Ranged Weapons
  2731 | D:4      | Reached XP level 8. HP: 45/45 MP: 9/9
  2971 | D:5      | Entered Level 5 of the Dungeon
  3027 | D:5      | Found a broken altar of Ashenzari.
  3031 | D:5      | Found a stormy altar of Qazlal.
  3039 | D:5      | Found a blossoming altar of Fedhas.
  3052 | D:5      | Became a worshipper of Ashenzari the Shackled
  3107 | D:5      | Found a hide-covered altar of Uskayaw.
  3140 | D:5      | Reached skill level 13 in Ranged Weapons
  3195 | D:5      | Found a staircase to the Ecumenical Temple.
  3268 | D:5      | Found Nezha's Dragon-Slaying Spoils.
  3317 | D:5      | Identified the +1 leather armour "Kelahotte" {*Slow +Inv
                  | Str+5}
  3442 | D:5      | Identified the +3 scale mail of the Weak God {Str+3}
  3744 | D:6      | Found a runed translucent gate.
  3744 | D:6      | Found a runed translucent gate.
  3744 | D:6      | Found a runed translucent gate.
  3745 | D:6      | Noticed Laqueoixx's ghost (novice OpSh)
  3767 | D:6      | Reached skill level 14 in Ranged Weapons
  4305 | D:7      | Reached skill level 15 in Ranged Weapons
  4412 | D:7      | Reached XP level 9. HP: 49/49 MP: 10/10
  4653 | D:7      | Found a sparkling altar of Nemelex Xobeh.
  4814 | D:8      | Found Ollech's Demolitions Depot.
  4826 | D:8      | Found a basalt altar of Yredelemnul.
  4862 | D:8      | Reached skill level 16 in Ranged Weapons
  5129 | D:8      | Found a burning altar of Makhleb.
  5249 | D:8      | Got Sif Muna's Papyrus of the Tropics
  5575 | D:9      | Noticed Grum
  5582 | D:9      | Killed Grum
  5592 | D:9      | Reached skill level 17 in Ranged Weapons
  6174 | D:10     | Entered Level 10 of the Dungeon
  6179 | D:10     | Found a staircase to the Orcish Mines.
  6310 | D:10     | Found an ornate altar of the Wu Jian Council.
  6338 | D:10     | Reached XP level 10. HP: 58/58 MP: 11/11
  6363 | D:10     | Found a bloodstained altar of Trog.
  6447 | D:10     | Reached skill level 18 in Ranged Weapons
  6590 | D:10     | Found Odaetaad's General Store.
  6598 | D:10     | Bought a scroll of identify for 28 gold pieces
  6623 | D:10     | Reached skill level 5 in Fighting
  6787 | D:10     | Found Sujipn's Magic Scroll Emporium.
  6913 | D:10     | Found Rati's Distillery.
  6975 | D:10     | Found a staircase to the Lair.
  6987 | Lair:1   | Entered Level 1 of the Lair of Beasts
  6987 | Lair:1   | Found a glowing silver altar of Zin.
  7231 | D:10     | Noticed a two-headed ogre
  7234 | D:10     | Killed a two-headed ogre
  7235 | D:10     | Reached skill level 19 in Ranged Weapons
  7236 | D:10     | Reached * piety under Ashenzari
  7418 | D:10     | Noticed a tengu warrior
  7422 | D:10     | Killed a tengu warrior
  7423 | D:10     | Reached skill level 1 in Armour
  7429 | D:10     | Learned a level 1 spell: Apportation
  7474 | Lair:1   | Reached XP level 11. HP: 26/67 MP: 11/11
  7617 | Lair:1   | Reached skill level 1 in Translocations
  8084 | D:11     | Found a runed translucent door.
  8085 | D:11     | Noticed Eugor's ghost (journeyman DECj)
  8102 | D:11     | Reached skill level 5 in Dodging
  8216 | D:11     | Noticed a skeletal warrior
  8234 | D:11     | Noticed a skeletal warrior
  8235 | D:11     | Noticed a skeletal warrior
  8238 | D:11     | Noticed a skeletal warrior
  8292 | D:12     | Noticed Fannar
  8295 | D:12     | Noticed a boulder beetle
  8506 | D:12     | Noticed Urug
  8524 | D:12     | Hit by a javelin thrown by Urug

Illustrated notes

Levels and vault maps discovered:
D:1:      minmay_arrival_wavy_path, layout_basic
D:2:      layout_rooms, dreamdust_ecumenical_altar_statues
D:3:      layout_rooms, uniq_ijyb, uniq_natasha, uniq_terence
D:4:      layout_cave_pools, amcnicky_altar_gilded, gup_sewer_entry_glass,
          uniq_sigmund
D:5:      layout_loops_ring, nicolae_uskayaw_dance_hall, minitemple,
          minmay_temple_entry_grid, palyth_stone_intersect,
          minmay_misc_feat_tiny, minivault_27, nicolae_shop_dragon_depot
D:6:      layout_basic, nicolae_elyvilon_temple_path, ebering_ghost_rock_garden,
          serial_glass, glass_columns_b, glass_columns_a, nrook_uturn,
          eino_curves_01
D:7:      layout_rooms, mainiacjoe_overflow_concentric_impassable,
          hangedman_abyss_or_decor_slice,
          hellmonk_guarded_unrand_gyre_and_gimble
D:8:      layout_loops_ring, chequers_temple_overflow_statue_of_worship,
          nicolae_blasting_shop
D:9:      layout_irregular_city, chequers_serial_rivers_small_a, uniq_grum
D:10:     layout_stronghold, trog_three_pillars_becter,
          mainiacjoe_overflow_24_doors, erik_lair_island, orc_david_3,
          serial_shops, shop, nicolae_square_shop, nicolae_lakefront_shop
D:11:     layout_long_grid, gammafunk_ghost_grave,
          nicolae_demonic_statue_gallery
D:12:     layout_irregular_city, uniq_fannar, uniq_sonja, uniq_urug,
          uniq_josephine
Lair:1:   layout_long_grid, basic_altar, worms_lemuel

Skill      XL: |  1  2  3  4  5  6  7  8  9 10 11 |
---------------+----------------------------------+-----
Ranged Weapons | 6 7 8 9 10 12 15 17 19 | 19.1
Fighting       | 2 4 6 7 |  7.0
Dodging        | 4 5 |  5.1
Armour         | 1 2 |  2.2
Translocations | 2 |  2.3
Stealth        | |  1.2

Action                     |  1- 3 |  4- 6 |  7- 9 | 10-12 || total
---------------------------+-------+-------+-------+-------++-------
   Fire: Shortbow          |    99 |   134 |    64 |       ||   297
         Arbalest          |       |       |   193 |   171 ||   364
 Invoke: Curse Item        |       |       |     1 |     1 ||     2
    Use: Potion            |       |     2 |       |     1 ||     3
         Scroll            |       |     6 |     6 |     6 ||    18
 Armour: Leather armour    |    19 |    19 |       |       ||    38
         Robe              |       |       |    45 |    70 ||   115
  Dodge: Dodged            |    22 |    26 |    45 |    55 ||   148
  Block: Other             |       |     8 |    15 |    26 ||    49
         Reflection        |       |       |       |     5 ||     5
